BSA
EL DORADO OILERS @ NASSAU ROCKETS
09/05/2030
 
TOP OF THE 1ST
El Dorado Oilers batting - Pitching for Nassau Rockets : RHP Paço Boda
Pitching: RHP Paço Boda
Batting: LHB Al Gaines 0-0: Ground out 4-3 (Groundball, 4)
Batting: SHB Theron Harper 0-0: Ball
1-0: Called Strike
1-1: Ball
2-1: Ball
3-1: Fly out, F9 (Flyball, 9S)
Batting: RHB Ernesto Acosta 0-0: Called Strike
0-1: Fly out, F8 (Flyball, 8LS)
Top of the 1st over - 0 runs, 0 hits, 0 errors, 0 left on base; El Dorado 0 - Nassau 0
BOTTOM OF THE 1ST
Nassau Rockets batting - Pitching for El Dorado Oilers : RHP Mark Anderson
Pitching: RHP Mark Anderson
Batting: LHB Andrew Alvarado 0-0: Ball
1-0: Called Strike
1-1: Fly out, F9 (Flyball, 9S)
Batting: LHB Dusty Wilson 0-0: Called Strike
0-1: Called Strike
0-2: Fly out, F5 (Popup, 6)
Batting: SHB Edgardo Osorio 0-0: Ball
1-0: Swinging Strike
1-1: Ball
2-1: Foul Ball, location: 2F
2-2: Strikes out swinging
Bottom of the 1st over - 0 runs, 0 hits, 0 errors, 0 left on base; El Dorado 0 - Nassau 0
TOP OF THE 2ND
El Dorado Oilers batting - Pitching for Nassau Rockets : RHP Paço Boda
Batting: LHB José Hernández 0-0: Ball
1-0: Ball
2-0: DOUBLE (Line Drive, 9LM)
Batting: LHB Ashley Pickhills 0-0: Ball
1-0: Ground out 4-3 (Groundball, 4)
José Hernández to third
Batting: RHB José Carlos Caraballo 0-0: DOUBLE (Flyball, 8RXD)
José Hernández scores
Batting: SHB Orlando Aguilar 0-0: Ball
1-0: Called Strike
1-1: Ball
2-1: Ground out 4-3 (Groundball, 4)
José Carlos Caraballo to third
Batting: RHB Bob Johnson 0-0: Ball
1-0: Swinging Strike
1-1: Ball
2-1: Ball
3-1: Foul Ball, location: 2F
3-2: Foul Ball, location: 2F
3-2: Strikes out swinging
Top of the 2nd over - 1 run, 2 hits, 0 errors, 1 left on base; El Dorado 1 - Nassau 0
BOTTOM OF THE 2ND
Nassau Rockets batting - Pitching for El Dorado Oilers : RHP Mark Anderson
Batting: LHB Wilson Allen 0-0: Ball
1-0: Ball
2-0: Foul Ball, location: 2F
2-1: SOLO HOME RUN (Flyball, 7D), Distance : 366 ft
Batting: RHB Dexter Potter 0-0: Ball
1-0: Ball
2-0: Called Strike
2-1: Swinging Strike
2-2: Ball
3-2: Strikes out swinging
Batting: LHB Juan Romero 0-0: Called Strike
0-1: Swinging Strike
0-2: Ball
1-2: Fly out, F8 (Flyball, 8RS)
Batting: RHB Salvador Borbón 0-0: Ball
1-0: Ball
2-0: Ball
3-0: Called Strike
3-1: Base on Balls
Batting: RHB Jesús Villalobos 0-0: Ball
1-0: Called Strike
1-1: Foul Ball, location: 2F
1-2: Ball
2-2: Foul Ball, location: 2F
2-2: Ball
3-2: Foul Ball, location: 2F
3-2: Base on Balls
Salvador Borbón to second
Batting: RHB Kenji Kudo 0-0: Foul Ball, location: 2F
0-1: Foul Ball, location: 2F
0-2: Ball
1-2: Ball
2-2: Strikes out swinging
Bottom of the 2nd over - 1 run, 1 hit, 0 errors, 2 left on base; El Dorado 1 - Nassau 1
TOP OF THE 3RD
El Dorado Oilers batting - Pitching for Nassau Rockets : RHP Paço Boda
Batting: RHB Sixto Vélez 0-0: Called Strike
0-1: Bunt missed!
0-2: Foul Ball, location: 2F
0-2: Ball
1-2: Ball
2-2: Foul Ball, location: 2F
2-2: Ball
3-2: Base on Balls
Batting: LHB Al Gaines 0-0: Ball
1-0: SINGLE (Groundball, 3) (infield hit)
Sixto Vélez to second
Batting: SHB Theron Harper 0-0: Called Strike
0-1: Foul Ball, location: 2F
0-2: SINGLE (Flyball, 78S)
Sixto Vélez to third
Al Gaines to second
Runner from 3rd tries for Home, SAFE, throw made home
Batting: RHB Ernesto Acosta 0-0: Called Strike
Al Gaines is caught stealing 3rd base
0-1: Foul Ball, location: 2F
0-2: Ball
1-2: Ball
2-2: Foul Ball, location: 2F
2-2: Ball
3-2: Ground out U3 (Groundball, 3S)
Theron Harper to second
Batting: LHB José Hernández 0-0: Ball
1-0: Foul Ball, location: 2F
1-1: Foul Ball, location: 2F
1-2: Ball
2-2: Foul Ball, location: 2F
2-2: Foul Ball, location: 2F
2-2: Ball
3-2: 2-RUN HOME RUN (Flyball, 9D), Distance : 458 ft
Batting: LHB Ashley Pickhills 0-0: Swinging Strike
0-1: Swinging Strike
0-2: SOLO HOME RUN (Flyball, 89XD), Distance : 381 ft
Batting: RHB José Carlos Caraballo 0-0: Ball
1-0: Called Strike
1-1: Fly out, F1 (Popup, P)
Top of the 3rd over - 4 runs, 4 hits, 0 errors, 0 left on base; El Dorado 5 - Nassau 1
BOTTOM OF THE 3RD
Nassau Rockets batting - Pitching for El Dorado Oilers : RHP Mark Anderson
Batting: LHB Andrew Alvarado 0-0: Ball
1-0: Ground out 5-3 (Groundball, 5)
Batting: LHB Dusty Wilson 0-0: DOUBLE (Line Drive, 89XD)
Batting: SHB Edgardo Osorio 0-0: Ball
1-0: Ball
2-0: Ball
3-0: Base on Balls
Batting: LHB Wilson Allen 0-0: Called Strike
0-1: Called Strike
0-2: Ball
1-2: Ball
2-2: Strikes out swinging
Batting: RHB Dexter Potter 0-0: Called Strike
0-1: Ball
1-1: Called Strike
1-2: Ball
2-2: Strikes out swinging
Bottom of the 3rd over - 0 runs, 1 hit, 0 errors, 2 left on base; El Dorado 5 - Nassau 1
TOP OF THE 4TH
El Dorado Oilers batting - Pitching for Nassau Rockets : RHP Paço Boda
Batting: SHB Orlando Aguilar 0-0: Ball
1-0: Ball
2-0: Swinging Strike
2-1: Ball
3-1: Foul Ball, location: 2F
3-2: Foul Ball, location: 2F
3-2: Base on Balls
Batting: RHB Bob Johnson 0-0: Ground out 4-3 (Groundball, 34)
Orlando Aguilar to second
Batting: RHB Sixto Vélez 0-0: Ball
1-0: Foul Ball, location: 2F
1-1: Ball
2-1: Foul Ball, location: 2F
2-2: Ground out 6-3 (Groundball, 6)
Batting: LHB Al Gaines 0-0: Ball
1-0: Ball
2-0: Called Strike
2-1: SINGLE (Groundball, 34D)
Orlando Aguilar to third
Batting: SHB Theron Harper 0-0: Called Strike
0-1: Ball
1-1: Ball
Al Gaines steals 2nd base
2-1: Ball
3-1: Fly out, F7 (Flyball, 7)
Top of the 4th over - 0 runs, 1 hit, 0 errors, 2 left on base; El Dorado 5 - Nassau 1
BOTTOM OF THE 4TH
Nassau Rockets batting - Pitching for El Dorado Oilers : RHP Mark Anderson
Batting: LHB Juan Romero 0-0: Ball
1-0: Ball
2-0: Ball
3-0: Base on Balls
Batting: RHB Salvador Borbón 0-0: Ball
1-0: Ball
2-0: Fly out, F7 (Flyball, 7LM)
Batting: RHB Jesús Villalobos 0-0: SINGLE (Groundball, 56D)
Juan Romero to second
Batting: RHB Kenji Kudo 0-0: Ball
1-0: Swinging Strike
1-1: Foul Ball, location: 2F
1-2: Ball
2-2: Strikes out swinging
Batting: LHB Andrew Alvarado 0-0: Called Strike
0-1: Ball
1-1: Ball
2-1: Ball
3-1: SINGLE (Line Drive, 78M)
Juan Romero to third
Jesús Villalobos to second
Batting: LHB Dusty Wilson 0-0: Ball
1-0: Called Strike
1-1: Fly out, F8 (Line Drive, 8LM)
Bottom of the 4th over - 0 runs, 2 hits, 0 errors, 3 left on base; El Dorado 5 - Nassau 1
TOP OF THE 5TH
El Dorado Oilers batting - Pitching for Nassau Rockets : RHP Paço Boda
Batting: RHB Ernesto Acosta 0-0: Ground out U3 (Groundball, 34)
Batting: LHB José Hernández 0-0: Called Strike
0-1: SINGLE (Groundball, 4D)
Batting: LHB Ashley Pickhills 0-0: Called Strike
0-1: Ball
1-1: Called Strike
1-2: Foul Ball, location: 2F
1-2: Grounds into double play, 4-6-3 (Groundball, 4)
Top of the 5th over - 0 runs, 1 hit, 0 errors, 0 left on base; El Dorado 5 - Nassau 1
BOTTOM OF THE 5TH
Nassau Rockets batting - Pitching for El Dorado Oilers : RHP Mark Anderson
Batting: SHB Edgardo Osorio 0-0: Fly out, F7 (Flyball, 7)
Batting: LHB Wilson Allen 0-0: Called Strike
0-1: Foul Ball, location: 2F
0-2: Ball
1-2: Ball
2-2: Strikes out looking
Batting: RHB Dexter Potter 0-0: Foul Ball, location: 2F
0-1: Swinging Strike
0-2: Ball
1-2: Foul Ball, location: 2F
1-2: Ball
2-2: Ball
3-2: Foul Ball, location: 2F
3-2: SINGLE (Groundball, 6MD)
Batting: LHB Juan Romero 0-0: Called Strike
0-1: Ball
1-1: Called Strike
1-2: Ball
2-2: Ball
3-2: Foul Ball, location: 2F
3-2: Ground out 5-3 (Groundball, 5S)
Bottom of the 5th over - 0 runs, 1 hit, 0 errors, 1 left on base; El Dorado 5 - Nassau 1
TOP OF THE 6TH
El Dorado Oilers batting - Pitching for Nassau Rockets : RHP Paço Boda
Pitching: RHP Kel Meyer
Batting: RHB José Carlos Caraballo 0-0: Ball
1-0: Ground out 6-3 (Groundball, 6)
Batting: SHB Orlando Aguilar 0-0: Called Strike
0-1: Called Strike
0-2: SINGLE (Groundball, 34D)
Batting: RHB Bob Johnson 0-0: Called Strike
0-1: Ball
1-1: Ball
2-1: Called Strike
2-2: Ball
3-2: Grounds into double play, 5-4-3 (Groundball, 56)
Top of the 6th over - 0 runs, 1 hit, 0 errors, 0 left on base; El Dorado 5 - Nassau 1
BOTTOM OF THE 6TH
Nassau Rockets batting - Pitching for El Dorado Oilers : RHP Mark Anderson
Pitching: LHP Jeremy Meyer
Batting: RHB Salvador Borbón 0-0: Ball
1-0: Ball
2-0: Called Strike
2-1: Foul Ball, location: 2F
2-2: SOLO HOME RUN (Flyball, 7D), Distance : 373 ft
Batting: RHB Jesús Villalobos 0-0: Called Strike
0-1: Ball
1-1: Ground out 6-3 (Groundball, 6)
Batting: RHB Kenji Kudo 0-0: Called Strike
0-1: Ball
1-1: Foul Ball, location: 2F
1-2: Ball
2-2: Ground out U3 (Groundball, 34)
Batting: LHB Andrew Alvarado 0-0: Called Strike
0-1: Ball
1-1: Ground out 6-3 (Groundball, 6D)
Bottom of the 6th over - 1 run, 1 hit, 0 errors, 0 left on base; El Dorado 5 - Nassau 2
TOP OF THE 7TH
El Dorado Oilers batting - Pitching for Nassau Rockets : RHP Kel Meyer
Batting: RHB Sixto Vélez 0-0: Foul Ball, location: 2F
0-1: Swinging Strike
0-2: Strikes out looking
Batting: LHB Al Gaines 0-0: Ball
1-0: Foul Ball, location: 2F
1-1: Ground out 4-3 (Groundball, 4)
Batting: SHB Theron Harper 0-0: Ball
1-0: Called Strike
1-1: Ball
2-1: SINGLE (Groundball, 56D)
Batting: RHB Ernesto Acosta 0-0: Called Strike
0-1: Ball
1-1: Fly out, F6 (Line Drive, 6)
Top of the 7th over - 0 runs, 1 hit, 0 errors, 1 left on base; El Dorado 5 - Nassau 2
BOTTOM OF THE 7TH
Nassau Rockets batting - Pitching for El Dorado Oilers : LHP Jeremy Meyer
Batting: LHB Dusty Wilson 0-0: Called Strike
0-1: Foul Ball, location: 2F
0-2: Ball
1-2: Ball
2-2: Ball
3-2: SOLO HOME RUN (Flyball, 9D), Distance : 342 ft
Pitching: RHP César López
Batting: SHB Edgardo Osorio 0-0: Ball
1-0: Ball
2-0: Foul Ball, location: 2F
2-1: Foul Ball, location: 2F
2-2: Ball
3-2: SINGLE (Groundball, 4M) (infield hit)
Batting: LHB Wilson Allen 0-0: Ball
1-0: SINGLE (Groundball, 34)
Edgardo Osorio to second
Runner from 2nd tries for 3rd, SAFE, no throw
Batting: RHB Dexter Potter 0-0: Swinging Strike
0-1: Ball
1-1: Foul Ball, location: 2F
1-2: Strikes out swinging
Batting: LHB Juan Romero 0-0: 3-RUN HOME RUN (Flyball, 89XD), Distance : 378 ft
Pitching: RHP Jeff Lynn
Batting: RHB Salvador Borbón 0-0: Called Strike
0-1: Swinging Strike
0-2: Ball
1-2: Foul Ball, location: 2F
1-2: Foul Ball, location: 2F
1-2: Ball
2-2: Foul Ball, location: 2F
2-2: Ball
3-2: Ground out 6-3 (Groundball, 6)
Batting: RHB Jesús Villalobos 0-0: Ball
1-0: Ball
2-0: Ball
3-0: Called Strike
3-1: Foul Ball, location: 2F
3-2: Fly out, F7 (Flyball, 78M)
Bottom of the 7th over - 4 runs, 4 hits, 0 errors, 0 left on base; El Dorado 5 - Nassau 6
TOP OF THE 8TH
El Dorado Oilers batting - Pitching for Nassau Rockets : RHP Kel Meyer
Pitching: LHP Dennis Taylor
Batting: LHB José Hernández 0-0: Called Strike
0-1: Ball
1-1: SOLO HOME RUN (Line Drive, 89XD), Distance : 393 ft
Batting: LHB Ashley Pickhills 0-0: Ball
1-0: SINGLE (Groundball, 3) (infield hit)
Pitching: RHP Chris Marshall
Pinch Runner at 1st Chris Miller:
Batting: RHB José Carlos Caraballo 0-0: Ground out 1-3 (Groundball, 15S)
Chris Miller to second
Batting: SHB Orlando Aguilar 0-0: Foul Ball, location: 2F
0-1: Foul Ball, location: 2F
0-2: Ball
1-2: Ball
2-2: Strikes out swinging
Batting: RHB Bob Johnson 0-0: Ball
1-0: Ball
2-0: SINGLE (Line Drive, 56)
Chris Miller to third
Runner from 3rd tries for Home, SAFE, no throw
Batting: RHB Sixto Vélez 0-0: Ball
Bob Johnson steals 2nd base
1-0: Ball
2-0: Swinging Strike
2-1: Called Strike
2-2: Foul Ball, location: 2F
2-2: Foul Ball, location: 2F
2-2: Foul Ball, location: 2F
2-2: Ball
3-2: Foul Ball, location: 2F
3-2: SINGLE (Line Drive, 9LS)
Bob Johnson to third
Bob Johnson scores
Batting: LHB Al Gaines 0-0: Ball
Pickoff Throw to First - Error! E1
Sixto Vélez to second
1-0: Fly out, F9 (Line Drive, 9LM)
Top of the 8th over - 3 runs, 4 hits, 1 error, 1 left on base; El Dorado 8 - Nassau 6
BOTTOM OF THE 8TH
Nassau Rockets batting - Pitching for El Dorado Oilers : RHP Jeff Lynn
Now in LF: Chris Miller
Batting: RHB Kenji Kudo 0-0: Ball
1-0: Swinging Strike
1-1: Ball
2-1: Foul Ball, location: 2F
2-2: Foul Ball, location: 2F
2-2: Ball
3-2: Ground out 5-3 (Groundball, 56)
Batting: LHB Andrew Alvarado 0-0: Ball
1-0: Called Strike
1-1: Ball
2-1: Ball
3-1: Single, Error in OF, E7, batter to second base
Batting: LHB Dusty Wilson 0-0: Called Strike
0-1: Fly out, F9 (Flyball, 89M)
Batting: SHB Edgardo Osorio 0-0: Ground out 6-3 (Groundball, 6)
Bottom of the 8th over - 0 runs, 1 hit, 1 error, 1 left on base; El Dorado 8 - Nassau 6
TOP OF THE 9TH
El Dorado Oilers batting - Pitching for Nassau Rockets : RHP Chris Marshall
Batting: SHB Theron Harper 0-0: Called Strike
0-1: SINGLE (Flyball, 9LM)
Batting: RHB Ernesto Acosta 0-0: Ball
1-0: Ball
Theron Harper steals 2nd base
2-0: Called Strike
2-1: Called Strike
2-2: Ground out 4-3 (Groundball, 4)
Theron Harper to third
Batting: LHB José Hernández 0-0: Intentional Walk
Batting: LHB Chris Miller 0-0: Called Strike
0-1: Ball
1-1: Ground out U3 (Groundball, 3L)
José Hernández to second
Batting: RHB José Carlos Caraballo 0-0: Called Strike
0-1: Ball
1-1: Swinging Strike
1-2: Ball
2-2: Ball
3-2: Ground out 6-3 (Groundball, 6)
Top of the 9th over - 0 runs, 1 hit, 0 errors, 2 left on base; El Dorado 8 - Nassau 6
BOTTOM OF THE 9TH
Nassau Rockets batting - Pitching for El Dorado Oilers : RHP Jeff Lynn
Pitching: RHP Kuang-yin Yue
Batting: LHB Wilson Allen 0-0: Called Strike
0-1: Fly out, F9 (Flyball, 9LSF)
Batting: RHB Dexter Potter 0-0: Ball
1-0: Ball
2-0: Called Strike
2-1: Swinging Strike
2-2: Foul Ball, location: 2F
2-2: Fly out, F8 (Flyball, 8RD)
Batting: LHB Juan Romero 0-0: Swinging Strike
0-1: Ball
1-1: Ground out 1-3 (Groundball, 13)
Bottom of the 9th over - 0 runs, 0 hits, 0 errors, 0 left on base; El Dorado 8 - Nassau 6
Saturday, April 7th, 2018 - OOTP Baseball 18.8 Build 76